AoeStats
← [taberna] carlos3g

Arena

511111015Analyzed
4v4 RM · 15d ago on Oct 3, 2026· 56m 44s· 8 players
Game mode
Random Map
Map size
Large (8 player)
Population
200
Speed
Normal
Resources
Standard
Victory
Conquest
Starting age
Dark Age
Ending age
Imperial Age
RankedLock teamsTeams togetherTeam positionsShared explorationLock speedFull tech treeHidden civsTurbo modeCheats
Victory
Defeat
🇧🇷 Dravidians · Brazil
747
+15
🇧🇷 Gurjaras · Brazil
722
+16
🇧🇷 Cumans · Brazil
679
+17
🇧🇷 Huns · Brazil
648
+18
vs
🇬🇧 Saracens · United Kingdom
1000
-110
🇸🇪 Magyars · Sweden
646
-14
🇺🇸 Poles · United States
644
-14
🇬🇧 Goths · United Kingdom
575
-22
JohnnieWalker
11:42 Feudal Age
14:30 Wheelbarrow
14:42 Horse Collar
22:42 Castle Age
20:59 Fletching
22:11 Double-Bit Axe
22:33 Padded Archer Armor
22:29 Gold Mining
23:45 Bodkin Arrow
24:10 Stone Mining
25:55 Bow Saw
25:47 Heavy Plow
26:33 Leather Archer Armor
27:24 Hand Cart
28:51 Steppe Husbandry
32:59 Imperial Age
32:14 Thumb Ring
35:27 Chemistry
34:47 Ballistics
34:08 Heavy Cavalry Archer
35:14 Parthian Tactics
35:51 Conscription
40:55 Elite Kipchak
[taberna] carlos3g
11:24 Feudal Age
12:59 Double-Bit Axe
19:06 Castle Age
17:11 Horse Collar
17:29 Gold Mining
20:21 Bow Saw
20:24 Heavy Plow
24:21 Town Watch
30:28 Imperial Age
29:18 Stone Mining
29:43 Thumb Ring
29:41 Fletching
29:51 Padded Archer Armor
31:41 Town Patrol
32:19 Conscription
33:07 Wheelbarrow
33:36 Two-Man Saw
32:40 Bodkin Arrow
33:17 Leather Archer Armor
33:52 Elite Skirmisher
33:56 Crossbowman
37:46 Ring Archer Armor
37:16 Bracer
37:35 Arbalester
38:34 Scale Barding Armor
38:58 Ballistics
39:48 Chemistry
40:54 Chain Barding Armor
42:48 Elite Elephant Archer
53:19 Spies/Treason
TheuzzLivee
12:35 Feudal Age
15:35 Double-Bit Axe
17:54 Castle Age
20:47 Scale Barding Armor
20:57 Forging
31:30 Imperial Age
32:27 Ballistics
34:20 Heavy Camel Rider
39:02 Scale Mail Armor
42:54 Wheelbarrow
45:32 Chain Barding Armor
45:47 Iron Casting
segfault
11:52 Feudal Age
10:08 Loom
13:32 Double-Bit Axe
18:10 Castle Age
18:14 Wheelbarrow
17:41 Horse Collar
20:01 Town Watch
22:07 Light Cavalry
26:12 Bow Saw
33:22 Imperial Age
31:59 Scale Barding Armor
32:17 Squires
32:21 Gold Mining
33:43 Heavy Plow
34:49 Conscription
35:27 Hand Cart
37:08 Pikeman
37:36 Elite Tarkan
43:52 Murder Holes
45:03 Capped Ram
46:22 Marauders
Old Hobo
4:04 Loom
13:04 Feudal Age
21:12 Castle Age
20:31 Scale Barding Armor
24:21 Szlachta Privileges
24:21 Husbandry
30:07 Horse Collar
30:16 Double-Bit Axe
39:13 Imperial Age
37:28 Forging
40:42 Szlachta Privileges
41:26 Cavalier
42:40 Chain Barding Armor
44:58 Iron Casting
50:16 Wheelbarrow
DillyDallyDo891
4:55 Loom
11:52 Feudal Age
13:39 Wheelbarrow
14:01 Horse Collar
17:28 Double-Bit Axe
22:35 Castle Age
47:50 Man-at-Arms
48:54 Pikeman
49:39 Squires
Sin FullMetal
4:01 Loom
37:07 Feudal Age
39:09 Man-at-Arms
41:03 Wheelbarrow
Weey
15:39 Feudal Age
17:05 Wheelbarrow
16:56 Horse Collar
17:17 Double-Bit Axe
18:29 Gold Mining
23:45 Castle Age
25:35 Scale Barding Armor
25:30 Padded Archer Armor
26:34 Gold Shaft Mining
26:14 Bow Saw
28:27 Chain Barding Armor
28:22 Leather Archer Armor
30:52 Leather Archer Armor
35:02 Loom
40:54 Imperial Age
Connection lost

Rejoining the realm…

Still unreachable

The connection could not be restored.

Session expired

The server has moved on; the page needs a fresh start.